Map: Ascension to Aiur LE

Players

Neeb

  • Race: Protoss Protoss
  • Spawn Location: 11:00

Rogue - Winner!

  • Race: Zerg Zerg
  • Spawn Location: 5:00

Event: 2017 WCS Global Finals

VOD

Have the link to the VOD?

Description

Time

  • Played on: Oct. 27, 2017, 3:11 p.m.
  • Length: 11:50

All games in this series

Show
View Real Time Build Order
Export as new Build Order

Neeb Protoss 

Build Orders: Nexus First, Oracle Opening 

Get SALT Encoding   

  12  0:00  Probe (Chrono Boost)  
  13  0:11  Probe (Chrono Boost)  
  14  0:17  Pylon  
  14  0:22  Probe (Chrono Boost)  
  15  0:35  Probe (Chrono Boost)  
  16  0:46  Probe (Chrono Boost)  
  17  0:56  Probe (Chrono Boost)  
  18  1:02  Nexus  
  18  1:12  Gateway  
  18  1:15  Probe (Chrono Boost)  
  19  1:20  Assimilator  
  20  1:25  Probe (Chrono Boost)  
  20  1:31  Assimilator  
  20  1:36  Probe (Chrono Boost)  
  21  1:41  Pylon  
  21  1:46  Probe (Chrono Boost)  
  22  1:57  Probe (Chrono Boost)  
  22  1:59  Cybernetics Core  
  23  2:08  Probe (Chrono Boost)  
  24  2:16  Probe (Chrono Boost)  
  24  2:18  Probe (Chrono Boost)  
  26  2:26  Probe (Chrono Boost)  
  26  2:28  Probe (Chrono Boost)  
  28  2:32  Warp Gate (Chrono Boost)  
  28  2:35  Adept (Chrono Boost), Stargate  
  31  2:37  Probe  
  31  2:39  Probe  
  32  2:47  Gateway  
  32  2:49  Probe  
  33  2:51  Probe  
  34  2:59  Adept (Chrono Boost)  
  34  3:01  Probe  
  34  3:03  Probe  
  34  3:04  Pylon  
  38  3:13  Probe  
  38  3:14  Oracle (Chrono Boost)  
  38  3:16  Probe  
  43  3:21  Gateway  
  43  3:24  Assimilator  
  43  3:25  Probe  
  44  3:28  Probe  
  45  3:37  Adept x2, Probe  
  45  3:40  Probe  
  51  3:45  Pylon  
  51  3:49  Probe  
  51  3:52  Probe  
  53  3:57  Oracle  
  53  4:01  Probe  
  54  4:03  Pylon  
  54  4:04  Probe  
  58  4:12  Nexus  
  58  4:18  Probe  
  58  4:22  Probe  
  58  4:23  Assimilator  
  60  4:29  Stargate  
  60  4:32  Void Ray  
  60  4:35  Probe (Chrono Boost)  
  60  4:37  Mothership Core (Chrono Boost)  
  67  4:39  Pylon  
  67  4:47  Probe (Chrono Boost)  
  67  4:49  Adept  
  70  4:55  Pylon x2  
  70  4:57  Probe (Chrono Boost)  
  71  5:03  Probe (Chrono Boost)  
  72  5:08  Probe (Chrono Boost), Pylon  
  72  5:11  Pylon  
  73  5:14  Void Ray  
  73  5:17  Stalker  
  73  5:20  Stalker  
  81  5:22  Stalker  
  83  5:39  Void Ray  
  83  5:41  Pylon  
  83  5:42  Stalker, Pylon  
  87  5:45  Stalker  
  87  5:48  Stalker  
  93  5:57  Cybernetics Core  
  93  5:59  Gateway  
  91  6:11  Stalker x2  
  91  6:14  Stalker  
  97  6:25  Pylon  
  97  6:26  Pylon  
  97  6:29  Gateway  
  101  6:32  Gateway  
  101  6:35  Sentry  
  101  6:37  Sentry  
  101  6:49  Twilight Council  
  101  6:51  Gateway  
  101  6:56  Nexus  
  101  6:59  Sentry x2  
  105  7:09  Pylon  
  105  7:10  Pylon  
  105  7:13  Stalker  
  107  7:22  Stalker x2  
  111  7:29  Blink (Chrono Boost)  
  109  7:39  Stalker x3  
  109  7:43  Pylon  
  115  7:48  Gateway  
  115  7:51  Gateway, Pylon  
  115  7:56  Sentry x2  
  117  7:59  Probe  
  117  8:01  Probe, Pylon  
  119  8:09  Stalker x3  
  121  8:20  Probe  
  121  8:22  Probe  
  121  8:25  Assimilator  
  123  8:29  Assimilator  
  123  8:36  Stalker x4  
  130  8:42  Probe  
  130  8:44  Probe  
  132  8:55  Robotics Facility  
  130  8:59  Stalker x2  
  130  9:00  Stalker x2, Probe  
  139  9:09  Pylon  
  139  9:11  Probe  
  140  9:21  Probe  
  141  9:26  Stalker x5  
  141  9:29  Pylon  
  141  9:30  Pylon  
  149  9:33  Mothership Core  
  147  9:59  Observer  
  138  10:08  Stalker x3  
  138  10:09  Stalker  
  146  10:18  Nexus  
  146  10:20  Observer  
  145  10:35  Probe  
  114  10:43  Probe  
  114  10:45  Probe  
  114  10:47  Stalker x3  
  114  10:48  Stalker  
  98  11:09  Probe  
  98  11:10  Probe  
  99  11:12  Pylon  
  100  11:20  Probe  
  100  11:25  Pylon  
  100  11:26  Pylon  
  100  11:30  Stalker  
  100  11:31  Stalker x5  
Show
View Real Time Build Order
Export as new Build Order

Rogue Zerg - Winner!

Build Orders: Hatch First, Lurkers, Roach Nydus 

Get SALT Encoding   

  12  0:00  Drone  
  13  0:12  Overlord  
  13  0:17  Drone  
  14  0:30  Drone x2  
  14  0:34  Drone  
  17  0:50  Hatchery  
  17  0:54  Drone  
  17  0:57  Drone  
  18  1:07  Extractor  
  17  1:12  Spawning Pool  
  17  1:15  Drone  
  17  1:18  Drone  
  18  1:27  Drone  
  19  1:38  Overlord  
  19  1:50  Drone  
  20  1:58  Queen  
  20  1:59  Zergling x2  
  23  2:02  Queen  
  23  2:03  Zergling x2  
  23  2:06  Metabolic Boost  
  26  2:10  Drone  
  26  2:15  Drone  
  28  2:21  Drone  
  29  2:25  Drone  
  30  2:32  Drone  
  30  2:36  Drone  
  32  2:38  Queen  
  34  2:45  Overlord  
  34  2:48  Drone  
  34  2:50  Lair  
  35  2:53  Drone  
  36  3:06  Zergling x2  
  36  3:08  Drone x4  
  36  3:09  Drone  
  42  3:13  Overlord  
  42  3:15  Drone x2  
  44  3:26  Extractor  
  43  3:28  Drone  
  43  3:30  Overlord  
  43  3:33  Drone  
  45  3:39  Drone  
  45  3:41  Queen  
  45  3:44  Drone x3  
  45  3:46  Drone  
  45  3:47  Overseer  
  51  3:51  Drone, Roach Warren  
  51  3:52  Spore Crawler  
  51  3:55  Drone x3  
  53  3:58  Extractor x2  
  53  4:01  Overlord  
  51  4:03  Drone  
  51  4:07  Drone  
  53  4:12  Queen  
  53  4:16  Drone x2  
  57  4:19  Queen  
  59  4:26  Spore Crawler  
  59  4:27  Drone  
  59  4:28  Overlord  
  59  4:38  Nydus Network, Overlord  
  59  4:39  Glial Reconstitution  
  60  4:45  Roach  
  60  4:46  Roach  
  60  4:49  Roach  
  64  4:54  Roach x2  
  68  5:01  Roach x3  
  68  5:05  Roach  
  76  5:09  Overlord  
  76  5:11  Roach  
  76  5:13  Ravager  
  76  5:14  Ravager x2  
  81  5:16  Nydus Canal  
  81  5:20  Roach  
  83  5:25  Overlord  
  83  5:28  Roach x2  
  87  5:34  Overlord  
  86  5:37  Overlord  
  86  5:40  Overlord  
  86  5:46  Overlord  
  86  5:51  Overlord  
  86  5:54  Drone x4  
  90  6:00  Spore Crawler x2  
  90  6:01  Ravager  
  90  6:02  Ravager x2, Spore Crawler  
  90  6:09  Roach x2  
  90  6:10  Roach  
  96  6:17  Hydralisk Den, Overseer  
  95  6:25  Roach x3  
  101  6:34  Roach x2  
  101  6:37  Drone x2  
  107  6:45  Ravager  
  107  6:46  Ravager  
  109  6:47  Roach x4  
  109  6:48  Queen  
  117  6:54  Lurker Den  
  117  6:57  Zergling x4  
  117  7:01  Spore Crawler  
  118  7:04  Spore Crawler  
  117  7:10  Zergling x2  
  117  7:11  Queen  
  117  7:14  Overlord  
  121  7:23  Drone  
  122  7:32  Zergling x2  
  120  7:39  Hydralisk  
  120  7:40  Hydralisk x2  
  120  7:41  Overlord  
  124  7:44  Hydralisk  
  126  7:58  Overlord  
  132  8:17  Hatchery  
  121  8:23  Hydralisk x2  
  121  8:27  Lurker  
  121  8:28  Lurker x3  
  121  8:29  Overlord  
  121  8:33  Hydralisk, Zergling x2  
  121  8:34  Zergling x10  
  131  8:40  Hydralisk x2  
  134  8:51  Hydralisk x3  
  140  9:07  Evolution Chamber  
  139  9:21  Lurker x4  
  139  9:23  Hydralisk  
  145  9:24  Overlord x3  
  145  9:26  Zergling x2  
  146  9:39  Zergling x6  
  146  9:41  Zergling x2  
  150  9:48  Zergling x12  
  150  9:49  Zergling x2  
  157  9:53  Zerg Missile Weapons Level 1  
  157  9:58  Lurker x3  
  157  9:59  Zergling x4  
  162  10:01  Overlord  
  162  10:15  Overlord  
  162  10:18  Overlord  
  162  10:21  Overlord  
  162  10:23  Overlord  
  162  10:34  Queen, Zergling x2  
  152  10:38  Zergling x12  
  152  10:41  Zergling x2  
  150  10:44  Roach x2  
  150  10:47  Roach  
  149  10:50  Roach  
  149  10:53  Roach  
  153  10:58  Roach, Ravager x2  
  153  10:59  Ravager x2  
  153  11:03  Zergling x2  
  150  11:05  Zergling x2  
  150  11:08  Zergling x2  
  146  11:12  Zergling x2  
  146  11:19  Zergling x4  
  146  11:20  Spore Crawler  
  146  11:21  Overseer  
  147  11:28  Roach x2  
Tags
 
Add a new tag
Caveats
  • Supply blocks, unpowered buildings, or Contaminate may cause inaccurate times.
  • Supply counts are checked every 10 seconds.